 Dungeon Crawl Stone Soup version 0.31-a0-988-g08d55da (webtiles) character file.

Game seed: 11749509309896345243

2022077 Unit the Merfolkian Porcupine (level 24, 295/295 HPs)
             Began as a Merfolk Gladiator on Nov 3, 2023.
             Was an Initiate of Gozag.
             Escaped with the Orb
             ... and 3 runes!
             The game lasted 01:23:59 (44507 turns).

Unit the Merfolkian Porcupine (Merfolk Gladiator)  Turns: 44507, Time: 01:24:00

Health: 295/295    AC: 41    Str: 28    XL:     24   Next: 86%
Magic:  23/23      EV: 20    Int:  5    God:    Gozag
Gold:   1011       SH: 23    Dex: 13    Spells: 23/23 levels left

rFire   + + +        y - +9 demon trident (heavy)
rCold   + . .        b - +5 kite shield {AC+3}
rNeg    + . .        i - melded +0 robe of Supple Strength {rF+++ Int-5 Dex-5 Slay+5}
rPois   ∞            (helmet restricted)
rElec   +            M - scarf "Geohidi" {shadows, rF+}
rCorr   .            L - melded +0 pair of gloves
SInv    +            (boots currently unavailable)
Will    +....        l - amulet "Kinasuv" {Reflect Regen+ Int-5 SH+5 SInv}
Stlth   +            s - ring of protection from cold
HPRegen 1.49/turn    k - ring "Wounen" {rPois rF++ Int+3}
MPRegen 0.18/turn

%: reflection, clarity
@: statue-form, studying 3 skills, very slow
A: slow and powerful, torment resistance 1, boosted hp, (nimble swimmer 2),
mertail, horns 1, clarity, clumsy 1, deterioration 2, electricity resistance,
strong 1, subdued magic 1
0: Orb of Zot
}: 3/15 runes: barnacled, silver, gossamer
a: Begin Untransformation, Renounce Religion, Potion Petition, Call Merchant,
Bribe Branch


You escaped.
You worshipped Gozag.
Gozag was most pleased with you.
You were a living statue of rough stone.
You visited 10 branches of the dungeon, and saw 48 of its levels.
You visited the Abyss 1 time.
You also visited: Sewer.

You collected 21477 gold pieces.
You spent 4578 gold pieces at shops.
You paid 15888 gold pieces to Gozag.

Inventory:

Hand Weapons
 y - a +9 heavy demon trident (weapon)
Missiles
 a - a throwing net
 e - 19 javelins
 H - 7 silver javelins
Armour
 b - a +5 kite shield of protection (worn)
 c - a +2 helmet
 i - the +0 robe of Supple Strength (melded) {rF+++ Int-5 Dex-5 Slay+5}
   (You found it on level 2 of the Dungeon)

   Int-5:     It affects your intelligence (-5).
   Dex-5:     It affects your dexterity (-5).
   Slay+5:    It affects your accuracy & damage with ranged weapons and melee
   (+5).
   rF+++:     It renders you almost immune to fire.
 L - a +0 pair of gloves (melded)
 M - the scarf "Geohidi" (worn) {shadows, rF+}
   (You found it on level 2 of the Shoals)

   rF+:       It protects you from fire.
Jewellery
 f - the ring "Nega" {rF+ Slay+3}
   (You took it off a deep elf blademaster on level 3 of the Elven Halls)

   [ring of protection from fire]

   Slay+3:    It affects your accuracy & damage with ranged weapons and melee
   (+3).
   rF+:       It protects you from fire.
 k - the ring "Wounen" (right fist) {rPois rF++ Int+3}
   (You found it on level 8 of the Dungeon)

   [ring of poison resistance]

   Int+3:     It affects your intelligence (+3).
   rF++:      It greatly protects you from fire.
   rPois:     It protects you from poison
 l - the amulet "Kinasuv" (around neck) {Reflect Regen+ Int-5 SH+5 SInv}
   (You bought it in a shop on level 2 of the Orcish Mines)

   [amulet of reflection]

   Reflect:   It reflects blocked missile attacks.
   Int-5:     It affects your intelligence (-5).
   SInv:      It lets you see invisible.
   Regen+:    It increases your rate of health regeneration.
   SH+5:      It affects your SH (+5).
 s - a ring of protection from cold (left fist)
 u - the ring "Him Xuus" {rF+ rN+ Str+3}
   (You bought it in a shop on level 3 of the Spider Nest)

   [ring of protection from fire]

   Str+3:     It affects your strength (+3).
   rF+:       It protects you from fire.
   rN+:       It protects you from negative energy.
 D - a ring of flight
Talismans
 K - a granite talisman (active)
Wands
 p - a wand of flame (89)
 q - a wand of polymorph (26)
 A - a wand of digging (3)
 F - a wand of charming (31)
 R - a wand of mindburst (39)
 S - a wand of roots (35)
 T - a wand of light (5)
Scrolls
 d - 12 scrolls of fog
 h - 2 scrolls of silence
 j - 2 scrolls of brand weapon
 t - 6 scrolls of torment
 v - 8 scrolls of vulnerability
 x - 9 scrolls of teleportation
 z - a scroll of poison
 Q - 3 scrolls of fear
 U - a scroll of enchant armour
 V - 2 scrolls of amnesia
Potions
 g - 13 potions of curing
 m - 10 potions of enlightenment
 n - 2 potions of attraction
 o - 3 potions of magic
 B - 5 potions of heal wounds
 C - 9 potions of ambrosia
 E - 4 potions of lignification
 G - a potion of mutation
 I - a potion of haste
 J - a potion of berserk rage
 N - 6 potions of brilliance
 P - a potion of cancellation
 W - a potion of resistance
Miscellaneous
 O - a condenser vane (inert)


   Skills:
 O Level 27 Fighting
 O Level 27 Polearms
 - Level 2.0 Throwing
 + Level 17.7 Dodging
 - Level 15.0 Shields
 - Level 25.0 Shapeshifting


You had 23 spell levels left.
You didn't know any spells.
Your spell library contained the following spells:

 Spells                   Type           Power      Damage    Failure   Level
 Foxfire                  Conj/Fire      0%         2x1d4     54%         1
 Kiss of Death            Conj/Necr      0%         2d5       54%         1
 Magic Dart               Conj           0%         1d3       54%         1
 Slow                     Hex            0%         N/A       54%         1
 Blink                    Tloc           0%         N/A       71%         2
 Call Imp                 Summ           0%         N/A       71%         2
 Cigotuvi's Dreadful Rot  Necr/Pois/Air  0%         N/A       71%         2
 Ensorcelled Hibernation  Hex/Ice        0%         N/A       71%         2
 Jinxbite                 Hex            0%         N/A       71%         2
 Lesser Beckoning         Tloc           0%         N/A       71%         2
 Momentum Strike          Conj/Tloc      0%         3d8       71%         2
 Passwall                 Tmut/Erth      0%         N/A       71%         2
 Poisonous Vapours        Pois/Air       0%         N/A       71%         2
 Static Discharge         Conj/Air       0%         3-3/arc   71%         2
 Wereblood                Tmut           0%         N/A       71%         2
 Confusing Touch          Hex            0%         N/A       90%         3
 Dazzling Flash           Conj/Hex       0%         N/A       90%         3
 Frozen Ramparts          Ice            0%         1d1       90%         3
 Gell's Gravitas          Tloc           0%         N/A       90%         3
 Mephitic Cloud           Conj/Pois/Air  0%         N/A       90%         3
 Summon Guardian Golem    Hex/Summ       0%         N/A       90%         3
 Swiftness                Air            0%         N/A       90%         3
 Teleport Other           Tloc           0%         N/A       90%         3
 Volatile Blastmotes      Fire/Tloc      0%         2d10      90%         3
 Airstrike                Air            0%         2d(0-16)  100%        4
 Anguish                  Hex/Necr       0%         N/A       100%        4
 Animate Armour           Summ/Erth      0%         N/A       100%        4
 Cause Fear               Hex            0%         N/A       100%        4
 Dispel Undead            Necr           0%         3d6       100%        4
 Leda's Liquefaction      Hex/Erth       0%         N/A       100%        4
 Manifold Assault         Tloc           0%         N/A       100%        4
 Olgreb's Toxic Radiance  Pois           0%         N/A       100%        4
 Petrify                  Tmut/Erth      0%         N/A       100%        4
 Summon Lightning Spire   Summ/Air       0%         N/A       100%        4
 Vhi's Electric Charge    Tloc/Air       0%         N/A       100%        4
 Alistair's Intoxication  Tmut/Pois      0%         N/A       100%        5
 Arcjolt                  Conj/Air       0%         1d10      100%        5
 Fireball                 Conj/Fire      0%         3d3       100%        5
 Freezing Cloud           Conj/Ice/Air   0%         6-21      100%        5
 Irradiate                Conj/Tmut      0%         3d11      100%        5
 Lee's Rapid Deconstruct  Erth           0%         3d4*      100%        5
 Metabolic Englaciation   Hex/Ice        0%         N/A       100%        5
 Silence                  Hex/Air        0%         N/A       100%        5
 Summon Forest            Summ/Tloc      0%         N/A       100%        5
 Yara's Violent Unravell  Hex/Tmut       0%         3d3       100%        5
 Bombard                  Conj/Erth      0%         9d1       100%        6
 Conjure Ball Lightning   Conj/Air       0%         3x3d6     100%        6
 Death Channel            Necr           0%         N/A       100%        6
 Eringya's Noxious Bog    Tmut/Pois      0%         4d6       100%        6
 Plasma Beam              Fire/Air       0%         2x1d10    100%        6
 Starburst                Conj/Fire      0%         6d3       100%        6
 Enfeeble                 Hex            0%         N/A       100%        7
 Haunt                    Necr/Summ      0%         N/A       100%        7
 Orb of Destruction       Conj           0%         9d5       100%        7
 Ozocubu's Refrigeration  Ice            0%         4d7       100%        7
 Spellforged Servitor     Conj/Summ      0%         N/A       100%        7
 Summon Hydra             Summ           0%         N/A       100%        7
 Discord                  Hex            0%         N/A       100%        8
 Disjunction              Tloc           0%         N/A       100%        8
 Ignition                 Fire           0%         3d3       100%        8
 Maxwell's Capacitive Co  Air            0%         ∞         100%        8
 Dragon's Call            Summ           0%         N/A       100%        9
 Polar Vortex             Ice            0%         N/A       100%        9
 Simulacrum               Ice/Necr       Unusable   N/A       N/A         6

Dungeon Overview and Level Annotations

Branches:
Dungeon (15/15)            Temple (1/1) D:6            Lair (5/5) D:8
 Shoals (4/4) Lair:2       Spider (4/4) Lair:3        Slime (0/5) Lair:4
    Orc (2/2) D:11            Elf (3/3) Orc:2        Vaults (5/5) D:14
  Crypt (0/3) Vaults:3     Depths (4/4) D:15            Zot (5/5) Depths:4
  Sewer (visited)

Altars:
Ashenzari
Cheibriados
Dithmenos
Elyvilon
Fedhas
Gozag
Hepliaklqana
Kikubaaqudgha
Makhleb
Nemelex Xobeh
Okawaru
Qazlal
Ru
Sif Muna
Trog
Uskayaw
Vehumet
Wu Jian
Xom
Yredelemnul
Zin
The Shining One
Jiyva

Shops:
D:3 *[   D:8 =   Orc:2 (=[*   Elf:1 =*   Elf:2 ?   Lair:3 [   Lair:5 =
Shoals:3 (   Spider:1 =   Spider:3 =   Vaults:1 ?*?   Vaults:3 [

Portals:
Trove: Elf:1 (give 5 scrolls of blinking)

Annotations:
D:5 2 transporters, Coin's ghost, novice HuFi
D:6 3 runed translucent doors, Kave's ghost, novice TrSh; Ozzieoiler's ghost, novice MfIE
Lair:3 3 runed translucent doors, Etikoup's ghost, journeyman DECj
Shoals:3 1 transporter, exclusion: orange crystal statue
Elf:2 11 runed translucent doors
Zot:5 36 runed doors


Innate Abilities, Weirdness & Mutations

You are a living statue of rough stone.
Your actions are slow, but your melee attacks are powerful.
You are resistant to unholy torment.
Your maximum health is greatly increased.
Your equipment is partially melded.
You are immune to poison.
((You are very nimble when in or above water. (Stealth+, EV+, Speed+++)))
Your lower body shifts to a powerful aquatic tail in water.
You have a pair of small horns on your head.
You possess an exceptional clarity of mind.
You are clumsy. (Dex -2)
Your body often deteriorates upon taking damage.
You are resistant to electric shocks. (rElec)
Your muscles are strong. (Str +4, Int/Dex -1)
Your spells are a little easier to cast, but a little less powerful.


Message History

What level of the Dungeon? (default 1, ? - help)
An Orb Guardian comes into view.
You reach to attack!
You impale the Orb Guardian!!
The Orb Guardian is heavily wounded.
You reach to attack!
You closely miss the Orb Guardian.
The Orb Guardian is heavily wounded.
You block the Orb Guardian's attack.
You puncture the Orb Guardian!
You headbutt the Orb Guardian, but do no damage.
The Orb Guardian is heavily wounded.
You block the Orb Guardian's attack. The Orb Guardian barely misses you.
You closely miss the Orb Guardian.
The Orb Guardian is heavily wounded.
The Orb Guardian hits you!! You block the Orb Guardian's attack.
You impale the Orb Guardian!!
The Orb Guardian is almost dead.
The Orb Guardian closely misses you. The Orb Guardian barely misses you.
You stick the Orb Guardian like a pincushion!!!!
You kill the Orb Guardian!
No target in view!
What level of the Dungeon? (default 1, ? - help)
There is a stone staircase leading up here.
You climb upwards.
HP restored.
There is a stone staircase leading down here.
Blink to where?
Press: ? - help, Q - select action, (/) - cycle Dir - move target
As you read the scroll of blinking, it crumbles to dust.
Blink to where?
Press: ? - help, Q - select action, (/) - cycle Dir - move target
As you read the scroll of blinking, it crumbles to dust.
Aiming: Dig
Press: ? - help, Q - select action, (/) - cycle Shift-Dir - straight line You can't see that place. [the floor.]
The rock shatters into small pieces.
Blink to where?
Press: ? - help, Q - select action, (/) - cycle Dir - move target
As you read the scroll of blinking, it crumbles to dust.
There is a staircase leading out of the dungeon here.
You have escaped!

.....# #..##...#.#
.....## ######
#...##.§#.# .......
#....#..#.# ##+#####
#..8.#..#.######..###..
#....#..#.#...#...#....
#...##..#.#.........#.#
#..##...#.#..#.##.#....
#..#....#.#...#..#...##
#..'..8.'....#)##.#....
#..#....###..#.##)#.###
#..##...# #..÷#.÷#.....
#...##..# #..#.##.#....
#....#..# ##...........
#..8.#..# #.....#.....
#....#..# ##..>.......
#[..##..# #..........
#..##...# ###..........


There were no monsters in sight!

Vanquished Creatures
  7 orbs of fire
  2 ancient liches (Zot:5)
  A juggernaut (Depths:4)
  Mennas (Vaults:3)
  3 Killer Klowns (Zot:5)
  2 curse toes
  5 golden dragons
  2 bone dragons
  2 electric golems (Zot:5)
  2 Tzitzimimeh
  Jorgrun (D:12)
  A pandemonium lord (D:9)
  5 tentacled monstrosities
  A Hell Sentinel (Depths:4)
  An Ice Fiend (Depths:4)
  20 Orb Guardians
  Mlioglotl (Spider:4)
  A titan (Vaults:5)
  A lich (Abyss:3)
  5 quicksilver dragons
  3 deep elf blademasters (Elf:3)
  4 deep elf master archers (Elf:3)
  An acid blob (Spider:1)
  3 tentacled starspawn
  Gastronok (D:12)
  3 sphinxes
  Polyphemus (Shoals:2)
  The ghost of happymeat the Nimble, an adept DsIE of Cheibriados (Shoals:1)
  A death cob (Zot:1)
  6 shadow dragons (Vaults:5)
  3 draconian monks
  A tengu reaver (Vaults:4)
  4 draconian knights
  A fire giant (shapeshifter) (Vaults:5)
  Roxanne (Elf:3)
  8 storm dragons
  Donald (Spider:2)
  A fenstrider witch (Shoals:1)
  4 frost giants
  3 iron dragons
  A fire giant (Depths:4)
  10 vault wardens
  2 draconian scorchers
  4 emperor scorpions
  8 deep elf sorcerers (Elf:3)
  Louise (Shoals:2)
  6 deep elf elementalists (Elf:3)
  7 ghost moths
  A balrug (D:9)
  A reaper (D:9)
  A ghoul (Vaults:3)
  2 draconian stormcallers
  4 orc warlords
  7 broodmothers
  3 formless jellyfish
  2 draconian annihilators
  A demonspawn blood saint (D:6)
  13 ironbound preservers
  12 very ugly things
  2 stone giants
  8 ironbound thunderhulks
  5 war gargoyles
  A demonspawn corrupter (D:6)
  5 green draconians
  8 deep elf annihilators (Elf:3)
  3 deep elf demonologists (Elf:3)
  A red draconian (Zot:1)
  Nessos (Lair:4)
  3 purple draconians
  5 black draconians
  5 yellow draconians
  2 dire elephants
  3 white draconians
  6 deep elf death magi
  4 blizzard demons
  A spark wasp (Spider:3)
  7 ettins
  3 crystal guardians
  3 fire dragons
  2 merfolk javelineers (Shoals:4)
  12 entropy weavers
  Snorg (D:14)
  2 merfolk impalers
  7 great orbs of eyes
  6 deep elf high priests
  An ice dragon (Depths:3)
  A death knight (Vaults:3)
  12 yaktaur captains
  A catoblepas (Shoals:2)
  3 merfolk avatars
  2 jorogumos
  4 hydras
  4 peacekeepers
  8 ironbound frosthearts
  A jorogumo (shapeshifter) (Vaults:5)
  An alligator snapping turtle (Shoals:2)
  16 vault guards
  3 two-headed ogres
  3 radroaches
  11 centaur warriors
  6 boulder beetles
  14 dancing weapons
  7 merfolk aquamancers
  A deep troll shaman (Depths:4)
  2 tengu warriors (D:15)
  4 satyrs (Shoals:4)
  4 orc high priests
  6 death yaks
  2 deep troll earth magi
  An occultist (D:15)
  A hell knight (Vaults:5)
  8 demonic crawlers
  2 sun demons (D:9)
  Nergalle (D:12)
  11 deep elf knights
  3 iron trolls
  A salamander mystic (Depths:4)
  A sixfirhy (D:10)
  3 skysharks (Shoals:1)
  6 sun moths
  10 pharaoh ants
  A deep troll (shapeshifter) (Vaults:5)
  17 sea snakes
  A shadow demon (D:6)
  8 orb spiders
  42 deep trolls
  5 large abominations
  A lindwurm (Vaults:1)
  4 deep elf archers
  2 glowing orange brains
  7 arcanists
  10 orc knights
  3 phantasmal warriors
  11 steelbarb worms
  17 harpies
  16 ironbound convokers
  An oklob plant (Spider:1)
  17 ugly things
  17 deep elf pyromancers
  A mana viper (Orc:2)
  28 wolf spiders
  2 frost giant zombies
  14 manticores
  3 salamanders (Depths:4)
  27 deep elf zephyrmancers
  5 orc sorcerers (Orc:2)
  3 necromancers
  5 cyclopes
  11 moths of wrath
  12 fauns
  A black mamba (Lair:5)
  10 elephants
  2 water nymphs
  11 merfolk sirens
  14 vault sentinels
  A stone giant skeleton (Vaults:2)
  2 smoke demons
  A black mamba (shapeshifter) (D:15)
  2 orange demons
  7 cane toads
  5 torpor snails
  3 unseen horrors (D:11)
  5 rime drakes
  4 freezing wraiths
  A human zombie (Vaults:2)
  5 komodo dragons
  14 yaktaurs
  2 tengu conjurers (D:15)
  7 polar bears
  2 red devils
  6 hornets (Lair:5)
  A yaktaur skeleton (Vaults:2)
  9 wind drakes
  7 trolls
  35 merfolk
  A wolf spider simulacrum (D:15)
  24 tarantellas
  Grinder (D:5)
  7 snapping turtles
  8 dream sheep
  13 blink frogs
  7 raiju (Abyss:2)
  A glass eye (Depths:3)
  A raiju (shapeshifter) (Depths:4)
  34 slime creatures
  27 culicivoras
  Sigmund (D:2)
  5 air elementals
  39 jumping spiders
  A centaur simulacrum (D:14)
  9 wyverns
  A ynoxinul (D:15)
  14 spriggans (Lair:5)
  A fire elemental (Elf:1)
  2 vampires
  5 water elementals
  45 yaks
  A chaos spawn (Abyss:2)
  4 starcursed masses (Abyss:2)
  5 basilisks
  Grum (D:9)
  60 redbacks
  4 steam dragons
  A neqoxec (Abyss:2)
  6 wargs
  13 water moccasins
  7 acid dragons
  A glowing shapeshifter skeleton (Vaults:2)
  A swamp drake (D:11)
  46 orc warriors
  A sky beast (D:6)
  8 ice beasts
  4 black bears
  6 ogres
  26 wolves
  An ogre (shapeshifter) (Vaults:5)
  21 centaurs
  3 small abominations
  8 boggarts
  A phantom (D:5)
  A kobold brigand (D:8)
  12 bullfrogs
  An earth elemental (Elf:2)
  4 scorpions (D:5)
  5 wights (D:8)
  6 killer bees
  2 electric eels (D:8)
  8 howler monkeys
  2 jellies
  25 orc priests
  Crazy Yiuf (D:2)
  9 hounds
  Natasha (thrice) (D:3)
  Terence (D:2)
  4 iguanas
  38 orc wizards
  A sleepcap (D:8)
  6 gnolls
  15 adders
  4 river rats (Sewer)
  2 shadow imps
  2 white imps
  8 worms
  4 dart slugs
  89 orcs
  8 ball pythons
  12 bats
  9 endoplasms
  8 giant cockroaches
  7 goblins
  3 hobgoblins
  4 jackals
  4 quokkas
  7 frilled lizards
  8 kobolds
  7 rats
  A lurking horror (Abyss:2)
  3 starspawn tentacles
1730 creatures vanquished.

Vanquished Creatures (collateral kills)
  2 Orb Guardians (Zot:5)
  2 shadow dragons (Zot:5)
  2 storm dragons
  2 draconian stormcallers (Zot:5)
  A black draconian (Zot:5)
  A purple draconian (Zot:5)
  3 yellow draconians (Zot:5)
  An ettin (Vaults:5)
  3 vault guards (Vaults:5)
  An orc sorcerer (Orc:2)
  A moth of wrath (Zot:5)
  A human simulacrum (Vaults:5)
  A redback (shapeshifter) (Vaults:5)
  An orc warrior (Orc:1)
22 creatures vanquished.

Vanquished Creatures (others)
  An ancient lich (Zot:5)
  2 tentacled monstrosities (Vaults:5)
  6 Orb Guardians (Zot:5)
  3 titans (Vaults:5)
  A quicksilver dragon (Zot:5)
  A fenstrider witch (shapeshifter) (Vaults:5)
  A draconian knight (Zot:5)
  A fire giant (Vaults:5)
  2 vault wardens (Vaults:5)
  A draconian scorcher (Zot:5)
  3 green draconians (Zot:5)
  A yellow draconian (Zot:5)
  2 ettins (Vaults:5)
  2 deep elf high priests (Vaults:5)
  A yaktaur captain (Vaults:5)
  A rakshasa (Abyss:3)
  9 vault guards (Vaults:5)
  A deep troll earth mage (Vaults:5)
  2 deep elf knights (Elf:3)
  A sea snake (shapeshifter) (Vaults:5)
  3 ironbound convokers (Vaults:5)
  A phantasmal warrior (Vaults:5)
  A sphinx simulacrum (Vaults:5)
  A necromancer (Vaults:5)
  A tengu skeleton (Vaults:5)
  A deep elf pyromancer (Elf:1)
  A water elemental (Shoals:4)
  A bullfrog (D:7)
  2 orcs (Elf:3)
  7 starspawn tentacles
61 creatures vanquished.

Grand Total: 1813 creatures vanquished

Notes
Turn   | Place    | Note
-------+----------+-------------------------------------------
     0 | D:1      | Unit the Merfolk Gladiator began the quest for the Orb.
     0 | D:1      | Reached XP level 1. HP: 16/16 MP: 1/1
    31 | D:1      | Reached XP level 2. HP: 23/23 MP: 2/2
   554 | D:2      | Found an ancient bone altar of Kikubaaqudgha.
   561 | D:2      | Reached XP level 3. HP: 29/29 MP: 3/3
   584 | D:2      | Reached skill level 5 in Polearms
   615 | D:2      | Identified the +0 robe of Supple Strength {rF+++ Int-5
                  | Dex-5 Slay+5}
   778 | D:2      | Noticed Sigmund
   795 | D:2      | Killed Sigmund
   796 | D:2      | Reached XP level 4. HP: 17/38 MP: 4/4
   796 | D:2      | Reached XP level 5. HP: 19/43 MP: 5/5
   923 | D:2      | Noticed Terence
   931 | D:2      | Killed Terence
   932 | D:2      | Reached XP level 6. HP: 46/50 MP: 6/6
   936 | D:2      | Reached skill level 5 in Fighting
  1077 | D:2      | Found a runed translucent door.
  1078 | D:2      | Noticed Crazy Yiuf
  1143 | D:2      | Killed Crazy Yiuf
  1487 | D:3      | Found Otob's Assorted Antiques.
  1696 | D:3      | Noticed Natasha
  1702 | D:3      | Killed Natasha
  1790 | D:3      | Noticed Natasha
  1892 | D:3      | Killed Natasha
  1893 | D:3      | Reached XP level 7. HP: 46/57 MP: 7/7
  1933 | D:3      | Noticed Natasha
  1938 | D:3      | Killed Natasha
  1987 | D:3      | Found a faded altar of an unknown god.
  1991 | D:3      | Found a broken altar of Ashenzari.
  2033 | D:3      | Found Sullai Lopp's Armour Shop.
  2163 | D:3      | Found a blossoming altar of Fedhas.
  2943 | D:4      | Found a hazy altar of Hepliaklqana.
  3273 | D:5      | Entered Level 5 of the Dungeon
  3273 | D:5      | Noticed a vampire mosquito
  3273 | D:5      | Noticed Coin's ghost (novice HuFi)
  3273 | D:5      | Found a transporter.
  3273 | D:5      | Found a transporter.
  3354 | D:5      | Reached XP level 8. HP: 67/67 MP: 8/8
  3611 | D:5      | Found an ancient bone altar of Kikubaaqudgha.
  3826 | D:5      | Reached skill level 10 in Polearms
  3942 | D:5      | Noticed Grinder
  3947 | D:5      | Killed Grinder
  4198 | D:5      | Reached XP level 9. HP: 70/75 MP: 9/9
  4471 | D:6      | Found a staircase to the Ecumenical Temple.
  4488 | Temple   | Entered the Ecumenical Temple
  4494 | Temple   | Became a worshipper of Gozag Ym Sagoz the Greedy
  4641 | D:6      | Found a runed translucent gate.
  4642 | D:6      | Found a runed translucent gate.
  4653 | D:6      | Found a runed translucent gate.
  4654 | D:6      | Noticed Kave's ghost (novice TrSh)
  4654 | D:6      | Noticed Ozzieoiler's ghost (novice MfIE)
  4834 | D:6      | Found a glowing drain.
  4838 | Sewer    | Entered a sewer
  6015 | D:7      | Reached skill level 10 in Fighting
  7028 | D:8      | Identified the ring "Wounen" {rPois rF++ Int+3}
  7142 | D:8      | Reached XP level 10. HP: 62/86 MP: 10/10
  7349 | D:8      | Found a basalt altar of Yredelemnul.
  7587 | D:8      | Found a staircase to the Lair.
  8906 | D:9      | Noticed Grum
  8917 | D:9      | Reached skill level 15 in Polearms
  8926 | D:9      | Killed Grum
  9019 | D:9      | Reached XP level 11. HP: 94/96 MP: 11/11
  9122 | D:9      | Found a glowing golden altar of the Shining One.
  9346 | D:10     | Entered Level 10 of the Dungeon
  9599 | D:10     | Noticed a centaur warrior
  9607 | D:10     | Killed a centaur warrior
  9910 | D:10     | Noticed a two-headed ogre
  9917 | D:10     | Killed a two-headed ogre
 10571 | D:8      | Bought a granite talisman for 840 gold pieces
 10761 | D:11     | Reached skill level 1 in Shapeshifting
 10987 | D:11     | Noticed a cyclops
 10996 | D:11     | Killed a cyclops
 11332 | D:11     | You fall into a shaft and drop 2 floors!
 11332 | IceCv    | Identified the of Sarilok
 11370 | D:12     | Noticed Gastronok
 11424 | D:11     | Reached skill level 5 in Shapeshifting
 11828 | D:11     | Found a staircase to the Orcish Mines.
 12218 | Orc:1    | Entered Level 1 of the Orcish Mines
 12529 | Orc:1    | Reached XP level 12. HP: 98/106 MP: 10/12
 12577 | Orc:1    | Noticed an orc warlord
 12586 | Orc:1    | Killed an orc warlord
 13147 | Orc:1    | Reached skill level 10 in Shapeshifting
 13715 | Orc:2    | Entered Level 2 of the Orcish Mines
 14476 | Orc:2    | Found a staircase to the Elven Halls.
 14596 | Orc:2    | Noticed an orc high priest
 14603 | Orc:2    | Killed an orc high priest
 14762 | Orc:2    | Noticed an orc high priest
 14776 | Orc:2    | Killed an orc high priest
 14894 | Orc:2    | Noticed an orc high priest
 14904 | Orc:2    | Killed an orc high priest
 15314 | Orc:2    | Noticed an orc warlord
 15314 | Orc:2    | Paralysed by an orc sorcerer for 5 turns
 15367 | Orc:2    | Reached XP level 13. HP: 33/110 MP: 13/13
 15380 | Orc:2    | Killed an orc warlord
 15753 | Orc:2    | Reached skill level 15 in Shapeshifting
 16147 | Orc:2    | Found Ruwuadedu's General Store.
 16148 | Orc:2    | Found Teawop's Jewellery Shoppe.
 16150 | Orc:2    | Found Juewur's Antique Armour Shoppe.
 16150 | Orc:2    | Found Naguz's Antique Weapon Emporium.
 16155 | Orc:2    | Bought a glowing kite shield for 217 gold pieces
 16165 | Orc:2    | Bought the amulet "Kinasuv" {Reflect Regen+ Int-5 SH+5
                  | SInv} for 429 gold pieces
 16608 | Orc:2    | Bought a glowing trident for 214 gold pieces
 16617 | Orc:2    | Bought a scroll of enchant weapon for 105 gold pieces
 16617 | Orc:2    | Bought a scroll of identify for 28 gold pieces
 16903 | Lair:1   | Entered Level 1 of the Lair of Beasts
 17630 | Lair:1   | Reached skill level 1 in Shields
 18240 | Lair:2   | Reached XP level 14. HP: 119/119 MP: 14/14
 18368 | Lair:2   | Found a staircase to the Shoals.
 18535 | Lair:3   | Found a hole to the Spider Nest.
 19011 | Lair:3   | Reached skill level 10 in Shields
 19221 | Lair:3   | Found a runed translucent gate.
 19221 | Lair:3   | Found a runed translucent gate.
 19223 | Lair:3   | Found a runed translucent gate.
 19224 | Lair:3   | Noticed Etikoup's ghost (journeyman DECj)
 19364 | Lair:4   | Noticed Nessos
 19377 | Lair:4   | Killed Nessos
 19466 | Lair:4   | Found a viscous altar of Jiyva.
 19467 | Lair:4   | Found a staircase to the Slime Pits.
 19496 | Lair:4   | Reached XP level 15. HP: 125/125 MP: 15/15
 20228 | Lair:5   | Entered Level 5 of the Lair of Beasts
 21034 | Lair:5   | Identified the +0 leather armour of Resonance {rPois rC-
                  | Dex+2 Stlth+}
 21452 | D:12     | Killed Gastronok
 21473 | D:12     | Noticed Nergalle
 21482 | D:12     | Killed Nergalle
 21575 | D:12     | Noticed Jorgrun
 21595 | D:12     | Killed Jorgrun
 22111 | D:13     | Reached skill level 15 in Shields
 22997 | D:14     | Found a gate to the Vaults.
 23021 | D:14     | Noticed Snorg
 23030 | D:14     | Killed Snorg
 23658 | Vaults:1 | Identified the "Zeant"
 23658 | Vaults:5 | Identified the "Peath"
 23658 | Crypt:3  | Identified the of Codwais
 23658 | Elf:1    | Entered Level 1 of the Elven Halls
 23672 | Elf:1    | Reached XP level 16. HP: 132/132 MP: 16/16
 23744 | Elf:1    | Found a portal to a secret trove of treasure.
 23800 | Elf:1    | Paralysed by an air elemental for 1 turns
 23809 | Elf:1    | Paralysed by an air elemental for 1 turns
 24239 | Elf:1    | Paralysed by an air elemental for 1 turns
 24243 | Elf:1    | Paralysed by an air elemental for 1 turns
 24289 | Elf:1    | Found Giqaof Ohue's Overcharged Wands.
 24466 | Elf:2    | Identified the "Goibay"
 24472 | Elf:2    | Found a huge runed translucent gate.
 24473 | Elf:2    | Found a huge runed translucent gate.
 24473 | Elf:2    | Found a huge runed translucent gate.
 24473 | Elf:2    | Found a huge runed translucent gate.
 24474 | Elf:2    | Found a huge runed translucent gate.
 24475 | Elf:2    | Found a huge runed translucent gate.
 24475 | Elf:2    | Identified the +5 double sword "Rummage" {speed, Int+3}
 24475 | Elf:2    | Noticed a deep elf blademaster
 24476 | Elf:2    | Found a huge runed translucent gate.
 24476 | Elf:2    | Found a huge runed translucent gate.
 24551 | Elf:2    | Found a runed translucent gate.
 24551 | Elf:2    | Found a runed translucent gate.
 24552 | Elf:2    | Found a runed translucent gate.
 24767 | Elf:2    | Found Gaelito's Magic Scroll Shoppe.
 24771 | Elf:2    | Bought a scroll of fear for 68 gold pieces
 24771 | Elf:2    | Bought a scroll of teleportation for 51 gold pieces
 24844 | Elf:2    | Identified the +0 double sword of Thoughtfulness {freeze,
                  | rCorr MP+9 Int-3 SInv}
 24844 | Elf:2    | Noticed a deep elf blademaster
 24976 | Elf:3    | Identified the "Naawoh"
 24976 | Elf:3    | Entered Level 3 of the Elven Halls
 24978 | Elf:3    | Paralysed by an air elemental for 1 turns
 24983 | Elf:3    | Paralysed by an air elemental for 1 turns
 25275 | Elf:3    | Noticed Roxanne
 25293 | Elf:3    | Killed Roxanne
 25674 | Elf:3    | Reached XP level 17. HP: 88/138 MP: 17/17
 25775 | Elf:3    | Noticed a deep elf blademaster
 25779 | Elf:3    | Noticed a deep elf master archer
 25787 | Elf:3    | Killed a deep elf blademaster
 25788 | Elf:3    | Killed a deep elf master archer
 25817 | Elf:3    | Identified the +1 robe of the Orcish Mines {rF+ rC+ Int+3}
 25818 | Elf:3    | Noticed a deep elf blademaster
 25837 | Elf:3    | Killed a deep elf blademaster
 25846 | Elf:3    | Noticed a deep elf master archer
 25856 | Elf:3    | Killed a deep elf master archer
 25858 | Elf:3    | Identified the +11 quarterstaff of Iconoclasm {flame,
                  | Int+4}
 26120 | Elf:3    | Identified the ring "Qeivuvic" {rElec rN+ Str+6 Stlth+}
 26134 | Elf:3    | Identified the +10 scale mail of Impatience {Dex+2}
 26134 | Elf:3    | Noticed a deep elf master archer
 26135 | Elf:3    | Killed a deep elf master archer
 26183 | Elf:3    | Identified the ring "Nega" {rF+ Slay+3}
 26183 | Elf:3    | Noticed a deep elf blademaster
 26185 | Elf:3    | Noticed an Ice Fiend
 26189 | Elf:3    | Killed a deep elf blademaster
 26336 | Elf:3    | Noticed a Hell Sentinel
 26337 | Abyss:2  | Cast into level 2 of the Abyss (a deep elf demonologist)
 26455 | Abyss:2  | Found a corrupted altar of Lugonu.
 26480 | Abyss:2  | Found a corrupted altar of Lugonu.
 26480 | Abyss:2  | Found a corrupted altar of Lugonu.
 26492 | Abyss:2  | Noticed a tentacled starspawn
 26498 | Abyss:2  | Killed a tentacled starspawn
 26541 | Abyss:3  | Noticed a lich
 26548 | Abyss:3  | Killed a lich
 26550 | Abyss:3  | Noticed a bone dragon
 26556 | Abyss:3  | Noticed a tentacled starspawn
 26562 | Abyss:3  | Killed a bone dragon
 26566 | Abyss:3  | Killed a tentacled starspawn
 26580 | Abyss:3  | Noticed a tentacled starspawn
 26587 | Abyss:3  | Killed a tentacled starspawn
 26603 | Elf:3    | Escaped the Abyss
 26678 | Elf:3    | Identified the +8 great sword of In Flagrante Delicto
                  | {antimagic, Fly Dex+5 SInv}
 26760 | Elf:3    | Noticed a deep elf master archer
 26767 | Elf:3    | Killed a deep elf master archer
 26814 | Elf:3    | Found the +3 Elemental Staff {ele, rElec rF+ rC+ AC+3}
 27422 | Spider:1 | Entered Level 1 of the Spider Nest
 27436 | Spider:1 | Reached XP level 18. HP: 145/145 MP: 7/18
 28450 | Spider:2 | Gained mutation: Armour fits poorly on your strangely
                  | shaped body. [mutagenic glow]
 28452 | Spider:2 | Reached skill level 15 in Fighting
 28594 | Spider:2 | You fall into a shaft and drop 1 floor!
 29090 | Spider:3 | Bought the ring "Him Xuus" {rF+ rN+ Str+3} for 850 gold
                  | pieces
 29288 | Spider:2 | Noticed Donald
 29294 | Spider:2 | Killed Donald
 29384 | Spider:2 | Lost intelligence.
 29939 | Spider:3 | Reached XP level 19. HP: 157/157 MP: 19/19
 30378 | Spider:4 | Entered Level 4 of the Spider Nest
 30378 | Spider:4 | Identified a scroll of acquirement
 30423 | Spider:4 | Acquired a +6 demon trident of flaming
 30605 | Spider:4 | Noticed Mlioglotl
 30616 | Spider:4 | Killed Mlioglotl
 31415 | Spider:4 | Got a gossamer rune of Zot
 31752 | Shoals:1 | Entered Level 1 of the Shoals
 31798 | Shoals:1 | Found a runed translucent door.
 31798 | Shoals:1 | Noticed happymeat's ghost (adept DsIE)
 31860 | Shoals:1 | Killed happymeat's ghost
 32433 | Shoals:2 | Noticed Louise
 32439 | Shoals:2 | Killed Louise
 32798 | Shoals:2 | Reached XP level 20. HP: 172/172 MP: 20/20
 32825 | Shoals:2 | Noticed Polyphemus
 32859 | Shoals:2 | Killed Polyphemus
 32932 | Shoals:2 | Identified the scarf "Geohidi" {shadows, rF+}
 33119 | Shoals:3 | Found a transporter.
 33323 | Shoals:3 | Identified the +8 quarterstaff of Wiavao {flame, *Rage rC+
                  | Int+4}
 33501 | Shoals:3 | Found Ixzuf's Antique Weapon Emporium.
 33712 | Shoals:4 | Entered Level 4 of the Shoals
 34181 | Shoals:4 | Got a barnacled rune of Zot
 34360 | Shoals:4 | Identified the amulet "Yqohib" {Faith rF+ Str+2}
 34717 | Vaults:1 | Entered Level 1 of the Vaults
 34741 | Vaults:1 | Bought a scroll of teleportation for 48 gold pieces
 34741 | Vaults:1 | Bought a scroll of enchant armour for 120 gold pieces
 34741 | Vaults:1 | Bought a scroll of enchant armour for 120 gold pieces
 35536 | Vaults:1 | Reached XP level 21. HP: 184/184 MP: 21/21
 35652 | Vaults:1 | Found Vemy's Assorted Antiques.
 35658 | Vaults:1 | Bought a potion of cancellation for 168 gold pieces
 35658 | Vaults:1 | Bought a scroll of enchant weapon for 157 gold pieces
 35658 | Vaults:1 | Bought a scroll of blinking for 157 gold pieces
 35659 | Vaults:1 | Bought a scroll of butterflies for 84 gold pieces
 35773 | Vaults:1 | Found Ejufile's Magic Scroll Boutique.
 35781 | Vaults:1 | Bought a scroll of enchant armour for 97 gold pieces
 35781 | Vaults:1 | Bought a scroll of acquirement for 676 gold pieces
 35781 | Vaults:1 | Bought a scroll of revelation for 97 gold pieces
 35781 | Vaults:1 | Bought a scroll of fog for 52 gold pieces
 35781 | Vaults:1 | Acquired 526 gold pieces
 37512 | Vaults:3 | Found a staircase to the Crypt.
 37915 | Vaults:3 | Noticed Mennas
 37928 | Vaults:3 | Killed Mennas
 38138 | Vaults:3 | Found Qietaus's Armour Boutique.
 38618 | Vaults:4 | Reached XP level 22. HP: 164/196 MP: 22/22
 39620 | Vaults:5 | Entered Level 5 of the Vaults
 39684 | Vaults:5 | Noticed a golden dragon
 39685 | Vaults:5 | Reached skill level 27 in Polearms
 39694 | Vaults:5 | Killed a golden dragon
 39714 | Vaults:5 | Identified the ring of the Princeling {rF+ MP+9 Int+3}
 39715 | Vaults:5 | Noticed a golden dragon
 39726 | Vaults:5 | Killed a golden dragon
 39827 | Vaults:5 | Identified the +6 ring mail of Emorch {rPois rC+ rN+}
 39939 | Vaults:5 | Identified the ring of Dishonour {Fly rC- Dex+4}
 39986 | Vaults:5 | Found the +4 robe of Folly {Brill Will-∞ Int+8}
 40085 | Vaults:5 | Identified the +7 chain mail of the Dice {Rampage}
 40095 | Vaults:5 | Got a silver rune of Zot
 40153 | Vaults:5 | Found the +0 pair of fencer's gloves {Riposte Dex+3}
 40258 | Vaults:5 | Identified the +1 leather armour "Owaa" {Harm Will+}
 40480 | Vaults:5 | Identified the +5 falchion of Doomed Forgiveness {freeze,
                  | rN+}
 40630 | Vaults:5 | Found the +2 pair of slick slippers {slick, slippery, EV+4}
 40856 | D:15     | Entered Level 15 of the Dungeon
 41306 | D:15     | Found a shimmering blue altar of Sif Muna.
 41353 | D:15     | Found a staircase to the Depths.
 41502 | Depths:1 | Entered Level 1 of the Depths
 41658 | Depths:4 | Entered Level 4 of the Depths
 41708 | Depths:4 | Noticed a golden dragon
 41718 | Depths:4 | Killed a golden dragon
 41719 | Depths:4 | Reached XP level 23. HP: 211/211 MP: 23/23
 41748 | Depths:4 | Noticed a golden dragon
 41749 | Depths:4 | Noticed a juggernaut
 41756 | Depths:4 | Killed a golden dragon
 41775 | Depths:4 | Killed a juggernaut
 41937 | Depths:4 | Found a gate to the Realm of Zot.
 42002 | Zot:1    | Entered Level 1 of the Realm of Zot
 42039 | Zot:1    | Noticed an orb of fire
 42045 | Zot:1    | Gained mutation: You occasionally lose the ability to read
                  | scrolls when taking damage. [an orb of fire]
 42050 | Zot:1    | Killed an orb of fire
 42146 | Zot:1    | Identified the +6 orcbow of Perversion {heavy, Will++ Str-5
                  | Int+2}
 42347 | Zot:3    | Noticed a curse toe
 42387 | Zot:3    | Killed a curse toe
 42491 | Zot:4    | Identified the "Maufrun"
 42491 | Zot:4    | Identified the "Bigathrie"
 42522 | Zot:4    | Noticed a golden dragon
 42528 | Zot:4    | Killed a golden dragon
 42536 | Zot:5    | Entered Level 5 of the Realm of Zot
 42557 | Zot:5    | Noticed a curse toe
 42570 | Zot:5    | Killed a curse toe
 42778 | Zot:5    | Found a huge runed gate.
 42778 | Zot:5    | Found a huge runed gate.
 42778 | Zot:5    | Found a huge runed gate.
 42778 | Zot:5    | Found a huge runed gate.
 42778 | Zot:5    | Found a huge runed gate.
 42778 | Zot:5    | Found a huge runed gate.
 42779 | Zot:5    | Found a huge runed gate.
 42780 | Zot:5    | Found a huge runed gate.
 42781 | Zot:5    | Found a huge runed gate.
 42782 | Zot:5    | Found a huge runed gate.
 42783 | Zot:5    | Found a huge runed gate.
 42784 | Zot:5    | Found a huge runed gate.
 42785 | Zot:5    | Found a huge runed gate.
 42786 | Zot:5    | Found a huge runed gate.
 42787 | Zot:5    | Found a huge runed gate.
 42794 | Zot:5    | Found a huge runed gate.
 42794 | Zot:5    | Found a huge runed gate.
 42794 | Zot:5    | Found a huge runed gate.
 42794 | Zot:5    | Found a huge runed gate.
 42794 | Zot:5    | Found a huge runed gate.
 42795 | Zot:5    | Found a huge runed gate.
 42796 | Zot:5    | Found a huge runed gate.
 42797 | Zot:5    | Found a huge runed gate.
 42798 | Zot:5    | Found a huge runed gate.
 42805 | Zot:5    | Found a huge runed gate.
 42805 | Zot:5    | Found a huge runed gate.
 42805 | Zot:5    | Found a huge runed gate.
 42805 | Zot:5    | Found a huge runed gate.
 42805 | Zot:5    | Found a huge runed gate.
 42806 | Zot:5    | Found a huge runed gate.
 42807 | Zot:5    | Found a huge runed gate.
 42808 | Zot:5    | Found a huge runed gate.
 42809 | Zot:5    | Found a huge runed gate.
 42816 | Zot:5    | Found a huge runed gate.
 42816 | Zot:5    | Found a huge runed gate.
 42816 | Zot:5    | Found a huge runed gate.
 42863 | Zot:5    | Reached skill level 27 in Fighting
 42898 | Zot:5    | Noticed an ancient lich
 42902 | Zot:5    | Noticed an orb of fire
 42905 | Zot:5    | Gained mutation: Your body sometimes deteriorates upon
                  | taking damage. [an orb of fire]
 42906 | Zot:5    | Noticed an orb of fire
 42907 | Zot:5    | Noticed an ancient lich
 42908 | Zot:5    | Reached skill level 5 in Dodging
 42913 | Zot:5    | Noticed a Killer Klown
 42917 | Zot:5    | Gained mutation: You are vulnerable to heat. (rF-) [an orb
                  | of fire]
 42919 | Zot:5    | Killed an orb of fire
 42919 | Zot:5    | Noticed a Killer Klown
 42925 | Zot:5    | Lost intelligence.
 42968 | Zot:5    | Lost intelligence.
 42975 | Zot:5    | Lost mutation: Your body sometimes deteriorates upon taking
                  | damage. [potion of mutation]
 42975 | Zot:5    | Lost mutation: You are vulnerable to heat. (rF-) [potion of
                  | mutation]
 42975 | Zot:5    | Gained mutation: Your magical capacity is low. (-10% MP)
                  | [potion of mutation]
 42975 | Zot:5    | Gained mutation: You are frail. (-10% HP) [potion of
                  | mutation]
 42976 | Zot:5    | Lost mutation: You occasionally lose the ability to read
                  | scrolls when taking damage. [potion of mutation]
 42976 | Zot:5    | Lost mutation: You are frail. (-10% HP) [potion of
                  | mutation]
 42976 | Zot:5    | Lost mutation: Armour fits poorly on your strangely shaped
                  | body. [potion of mutation]
 42976 | Zot:5    | Gained mutation: You have a pair of small horns on your
                  | head. [potion of mutation]
 42976 | Zot:5    | Gained mutation: You possess an exceptional clarity of
                  | mind. [potion of mutation]
 43083 | Zot:5    | Killed an ancient lich
 43109 | Zot:5    | Noticed an orb of fire
 43110 | Zot:5    | Gained mutation: You are weak. (Str -2) [an orb of fire]
 43111 | Zot:5    | Gained mutation: You are dopey. (Int -2) [an orb of fire]
 43112 | Zot:5    | Gained mutation: You are vulnerable to heat. (rF-) [an orb
                  | of fire]
 43113 | Zot:5    | Gained mutation: You occasionally lose the ability to read
                  | scrolls when taking damage. [an orb of fire]
 43125 | Zot:5    | Killed an orb of fire
 43126 | Zot:5    | Reached XP level 24. HP: 208/227 MP: 16/20
 43128 | Zot:5    | Noticed a Killer Klown
 43130 | Zot:5    | Killed a Killer Klown
 43138 | Zot:5    | Killed a Killer Klown
 43144 | Zot:5    | Noticed an orb of fire
 43189 | Zot:5    | Noticed an orb of fire
 43192 | Zot:5    | Gained mutation: You have sharp fingernails. [an orb of
                  | fire]
 43199 | Zot:5    | Killed an orb of fire
 43200 | Zot:5    | Reached skill level 10 in Dodging
 43203 | Zot:5    | Lost mutation: You are vulnerable to heat. (rF-) [potion of
                  | mutation]
 43203 | Zot:5    | Lost mutation: You have a pair of small horns on your head.
                  | [potion of mutation]
 43203 | Zot:5    | Lost mutation: You are weak. (Str -2) [potion of mutation]
 43203 | Zot:5    | Gained mutation: You are partially covered in large bone
                  | plates. (SH +4) [potion of mutation]
 43204 | Zot:5    | Lost mutation: You possess an exceptional clarity of mind.
                  | [potion of mutation]
 43204 | Zot:5    | Lost mutation: You are partially covered in large bone
                  | plates. (SH +4) [potion of mutation]
 43204 | Zot:5    | Lost mutation: Your magical capacity is low. (-10% MP)
                  | [potion of mutation]
 43204 | Zot:5    | Lost intelligence.
 43204 | Zot:5    | Gained mutation: You are very dopey. (Int -4) [potion of
                  | mutation]
 43206 | Zot:5    | Lost mutation: You are very dopey. (Int -4) [potion of
                  | mutation]
 43206 | Zot:5    | Lost mutation: You are dopey. (Int -2) [potion of mutation]
 43206 | Zot:5    | Gained mutation: You have a pair of small horns on your
                  | head. [potion of mutation]
 43206 | Zot:5    | Gained mutation: Your mind is acute. (Int +4, Str/Dex -1)
                  | [potion of mutation]
 43206 | Zot:5    | Gained mutation: You have hidden genetic defects. [potion
                  | of mutation]
 43207 | Zot:5    | Lost mutation: You have a pair of small horns on your head.
                  | [potion of mutation]
 43207 | Zot:5    | Lost mutation: You have hidden genetic defects. [potion of
                  | mutation]
 43207 | Zot:5    | Gained mutation: You are resistant to electric shocks.
                  | (rElec) [potion of mutation]
 43207 | Zot:5    | Gained mutation: Armour fits poorly on your strangely
                  | shaped body. [potion of mutation]
 43207 | Zot:5    | Gained mutation: You possess an exceptional clarity of
                  | mind. [potion of mutation]
 43213 | Zot:5    | Lost mutation: Your mind is acute. (Int +4, Str/Dex -1)
                  | [potion of mutation]
 43213 | Zot:5    | Lost mutation: You have sharp fingernails. [potion of
                  | mutation]
 43213 | Zot:5    | Lost mutation: You occasionally lose the ability to read
                  | scrolls when taking damage. [potion of mutation]
 43213 | Zot:5    | Lost mutation: Armour fits poorly on your strangely shaped
                  | body. [potion of mutation]
 43213 | Zot:5    | Gained mutation: You have a pair of small horns on your
                  | head. [potion of mutation]
 43304 | Zot:5    | Gained mutation: Your body sometimes deteriorates upon
                  | taking damage. [an orb of fire]
 43306 | Zot:5    | Killed an orb of fire
 43350 | Zot:5    | Noticed an orb of fire
 43354 | Zot:5    | Killed a Killer Klown
 43356 | Zot:5    | Gained mutation: Your body often deteriorates upon taking
                  | damage. [an orb of fire]
 43365 | Zot:5    | Killed an orb of fire
 43470 | Zot:5    | Noticed an orb of fire
 43476 | Zot:5    | Gained mutation: You are clumsy. (Dex -2) [an orb of fire]
 43483 | Zot:5    | Gained mutation: Your spells are a little easier to cast,
                  | but a little less powerful. [an orb of fire]
 43485 | Zot:5    | Killed an orb of fire
 43588 | Zot:5    | Gained mutation: Your muscles are strong. (Str +4, Int/Dex
                  | -1) [an orb of fire]
 43793 | Zot:5    | Noticed an ancient lich
 43805 | Zot:5    | Killed an ancient lich
 43806 | Zot:5    | Reached skill level 15 in Dodging
 43838 | Zot:5    | Got the Orb of Zot
 43843 | Zot:5    | Noticed a Killer Klown
 43982 | Depths:4 | Noticed a juggernaut
 44250 | D:9      | Noticed Zeitium the pandemonium lord
 44266 | D:9      | Killed Zeitium the pandemonium lord
 44507 | D:$      | Escaped with the Orb!

Illustrated notes

Levels and vault maps discovered:
D:1:      giann_horns, layout_basic, shapermc_ecumenical_altar_petra,
          minmay_small_reverse_x
D:2:      layout_rooms, basic_altar, uniq_crazy_yiuf_cottage, uniq_sigmund,
          uniq_terence
D:3:      layout_loops_ring, nicolae_overflow_ecumenical_swirl, fedhas_altar_4,
          serial_shops, shop, nicolae_shop_statue_plus, uniq_natasha
D:4:      layout_basic, nzn_hepliaklqana_mist_gate, nicolae_hexahallways
D:5:      layout_basic, mainiacjoe_overflow_catwalk, gammafunk_ghost_arena,
          minmay_crossroads, uniq_grinder
D:6:      layout_basic, minmay_temple_entry_mini_moons, gup_sewer_entry_bowl,
          gammafunk_ghost_cemetery
D:7:      layout_rooms, minmay_misc_feat_hallway
D:8:      layout_basic, mainiacjoe_overflow_alcove_2, erik_lair_island,
          nicolae_benzene_ring
D:9:      layout_irregular_city, nicolae_overflow_hidden_temple, uniq_grum
D:10:     layout_long_grid
D:11:     layout_roguey, erik_orc_1, serial_co_window_serial,
          co_window_of_opportunity_a, co_window_paths_b, co_window_corner_a,
          co_window_corner_a, co_window_corner_a, co_window_corner_a,
          co_window_of_opportunity_a, co_window_2corner,
          co_window_unsneaky_path_c, co_window_corner_b, co_window_broadway_a,
          co_window_paths_e
D:12:     nicolae_whirlpool, layout_stronghold, portal_ice_cave_entry_pillars_2,
          uniq_gastronok, uniq_nergalle, uniq_jorgrun
D:13:     layout_basic, gauntlet_entry_generic, hangedman_abyss_or_decor_passed
D:14:     layout_irregular_city, david_vaults_2, hangedman_corner_corridor,
          uniq_snorg
D:15:     hangedman_depths_entry_civil_slaughter, layout_stronghold,
          nrook_mini_backslash, minmay_misc_feat_square,
          eino_small_chamber_without_monster, nicolae_sif_muna_condensation
Temple:   compressed_dpeg_triangle_lava_temple
Lair:1:   layout_concentric_octagons, grunt_megastairs_2
Lair:2:   layout_regular_city, elwin_shoals_entry_stream
Lair:3:   layout_gridlike, nicolae_spider_entry_non_spiders,
          ebering_ghost_rock_garden, minmay_holes, beast_lair_carwin_7,
          lemuel_fruit_fields
Lair:4:   layout_small_grid, slime_entry_1, uniq_nessos
Lair:5:   minmay_lair_end_enchanted_forest, layout_cave_shapes
Shoals:1: layout_shoals, hellmonk_ghost_happy_afterlife,
          nicolae_shoals_beach_house_on_fowls_legs
Shoals:2: layout_shoals, nicolae_shoals_seven_spires,
          nicolae_shoals_drake_roost, uniq_polyphemus, uniq_louise
Shoals:3: gammafunk_sealed_arena, layout_shoals, serial_shops,
          nicolae_lakefront_shop, yaktaur_hedge
Shoals:4: shoals_end_grunt_garden, layout_shoals
Spider:1: layout_spider_delve, nicolae_spider_acid_house
Spider:2: layout_spider_delve, uniq_donald
Spider:3: layout_spider_delve, nicolae_spider_eight_legs
Spider:4: hellmonk_spider_rune_endless_swarm, uniq_mlioglotl
Orc:1:    cheibrodos_orc_guarddog, layout_diamond_mine
Orc:2:    st_orc_congregation, layout_diamond_mine
Elf:1:    eino_elf_arrival_customs, layout_onion_city, enter_trove_2,
          minmay_elf_crystal_hexagon, nicolae_shop_overcharged_wands
Elf:2:    elven_hall_of_blades_hangedman_original [nicolae_blade_lattice],
          layout_loops_ring, serial_shops, nicolae_shop_back_alley_shop,
          solitary_fountain, hex_medium,
          nicolae_elf_double_double_double_trouble
Elf:3:    minmay_elf_hall_furrowed, layout_gridlike, uniq_roxanne
Vaults:1: ontoclasm_vaults_shuriken, v_pattern_5, st_hourglassy,
          grunt_vaults_funnel, v_misc_15, nicolae_vaults_network_square,
          nicolae_vaults_angled_halls, vaults_room_stairs_pillars,
          vaults_room_hallway, nicolae_vaults_octothorpe,
          nicolae_vaults_tetromino_L_1, dpeg_vaults_monster_box,
          ontoclasm_vaults_claustrophobia, vaults_dpeg_emergency_exit,
          nicolae_vaults_house_1, nicolae_vaults_trapezoid_lopsided_3,
          layout_vaults_omnicross, serial_shops, nicolae_lakefront_shop,
          nicolae_shop_rolling_square
Vaults:2: hangedman_vaults_maws, nicolae_vaults_network_s,
          nicolae_vaults_more_shelving_1, layout_vaults_omnigrid
Vaults:3: ontoclasm_vaults_loading_screen, ontoclasm_vaults_hangar,
          minmay_crypt_entry_simple_sparse, nicolae_vaults_mitosis, v_misc_9,
          ontoclasm_vaults_eye, ontoclasm_vaults_hangar,
          nicolae_vaults_taking_the_gang_shopping, vaults_dpeg_cross,
          hangedman_vaults_stagger, nicolae_vaults_double_plus_2,
          vaults_dpeg_diagonal, layout_vaults_big_room, uniq_mennas
Vaults:4: nicolae_vaults_stepped_doors, nicolae_vaults_windows_and_doors_thing,
          v_rooms_3, ontoclasm_vaults_ligature, nicolae_vaults_frosty_reception,
          vaults_mumra_hexcomb, vaults_room_corners, nicolae_vaults_octothorpe,
          nicolae_vaults_trapezoid_lopsided_4,
          nicolae_vaults_antechamber_and_loot_room,
          nicolae_vaults_circle_grid_a, layout_vaults_maze
Vaults:5
Depths:1: layout_cave_shapes, grunt_hell_entry_dis_grunt, roderic_st_hans_cross,
          serial_column_ruins, column_ruins_open_medium,
          column_ruins_corridor_corner, column_ruins_columns_straight,
          column_ruins_corridor_straight, nrook_mini_vaults, kennysheep_diamond,
          nicolae_kite_square_tiling_tiny, kennysheep_dice
Depths:2: radiant_caverns_b_rkd, serial_shops, abyss_entry, hell_entry,
          pan_entry
Depths:3: minmay_swirls_squares, layout_gridlike, abyss_entry,
          hangedman_coc_ice_floe, bh_walls_and_bars,
          infiniplex_staircase_zigzag_5, uniq_josephina
Depths:4: grunt_zot_entry_tricorne, layout_basic, hell_entry,
          kennysheep_random_hallway
Zot:1:    layout_onion, regret_index_zotdec_plus, regret_index_zotdec_onion_hex,
          regret_index_zotdec_gossamer_gf
Zot:2:    layout_cathedral_of_symmetry, ebering_ghost_reflecting_pool,
          regret_index_zotdec_banners
Zot:3:    layout_gridlike, basic_altar, lemuel_baited_zot_trap,
          lemuel_flame_loot_1
Zot:4:    nicolae_zot_draconian_monastery, layout_gridville,
          regret_index_zotdec_barnacled_simple, st_stairs_8, grunt_ministairs_9
Zot:5:    layout_misc_corridors, bh_zot_levy_curve, not_door_vault_due

Skill      XL: |  1  2  3  4  5  6  7  8  9 10 11 12 13 14 15 16 17 18 19 20 21 22 23 24 |
---------------+-------------------------------------------------------------------------+-----
Fighting       | 3 4 5 7 8 10 12 13 16 18 20 22 24 27 | 27.0
Polearms       | 6 7 9 11 13 15 16 19 22 24 26 27 | 27.0
Shapeshifting  | 7 14 16 17 21 24 25 | 25.0
Shields        | 7 11 15 | 15.0
Dodging        | 8 17 | 17.7
Throwing       | |  2.0

Action                     |  1- 3 |  4- 6 |  7- 9 | 10-12 | 13-15 | 16-18 | 19-21 | 22-24 || total
---------------------------+-------+-------+-------+-------+-------+-------+-------+-------++-------
  Melee: Trident           |    88 |       |    15 |   720 |   997 |   992 |   111 |       ||  2923
         Halberd           |       |    80 |   308 |       |       |       |       |       ||   388
         Unarmed           |       |    13 |       |       |       |     3 |       |       ||    16
         Tailslap          |       |       |     2 |     2 |       |       |    25 |       ||    29
         Punch             |       |       |       |     8 |     3 |       |       |       ||    11
         Demon trident     |       |       |       |       |       |       |  1352 |   894 ||  2246
         Headbutt          |       |       |       |       |       |       |       |    55 ||    55
  Throw: Throwing net      |     3 |     2 |       |       |     2 |       |       |       ||     7
         Javelin           |       |     1 |       |       |     6 |       |       |       ||     7
 Invoke: Call Merchant     |       |       |       |     1 |     3 |     2 |     1 |       ||     7
         Potion Petition   |       |       |       |     1 |     1 |     2 |     2 |     3 ||     9
         Bribe Branch      |       |       |       |       |       |       |       |     2 ||     2
  Evoke: Wand              |       |       |       |    20 |     4 |     7 |     3 |    10 ||    44
         Condenser vane    |       |       |       |       |       |       |     2 |     3 ||     5
    Use: Scroll            |       |       |    17 |    12 |    24 |     9 |    20 |    17 ||    99
         Potion            |       |       |       |     1 |     1 |    11 |     9 |    11 ||    33
   Stab: Sleeping          |     6 |       |     3 |     2 |     2 |     1 |     2 |       ||    16
         Held in net/web   |     1 |       |       |       |       |       |       |       ||     1
         Distracted        |       |       |       |     5 |     9 |    16 |    13 |    13 ||    56
         Invisible         |       |       |       |     2 |       |       |       |       ||     2
         Betrayed ally     |       |       |       |     1 |       |       |       |       ||     1
         Petrified         |       |       |       |       |       |       |     6 |       ||     6
         Petrifying        |       |       |       |       |       |       |     1 |       ||     1
 Armour: Leather armour    |    13 |       |       |       |       |       |       |       ||    13
         Robe              |     7 |    39 |   156 |   387 |    27 |       |       |       ||   616
         Skin              |       |     3 |       |       |   529 |   991 |  1615 |   777 ||  3915
  Dodge: Dodged            |    34 |    63 |   133 |   210 |   395 |   457 |   875 |   351 ||  2518
  Block: Other             |       |       |       |       |    21 |       |       |       ||    21
         Kite shield       |       |       |       |       |   920 |  1299 |  2224 |   932 ||  5375
         Reflection        |       |       |       |       |    25 |    38 |   130 |    59 ||   252
   Form: Statue            |       |       |       |       |     1 |       |       |       ||     1

Table legend: (Time is in decaauts)
 A = Elapsed time spent in this place.
 B = Non-inter-level travel time spent in this place.
 C = Inter-level travel time spent in this place.
 D = Time resting spent in this place.
 E = Time spent auto-exploring this place.
 F = Levels seen in this place.
 G = Mean time per level.
                   A        B        C        D        E       F      G
               +--------+--------+--------+--------+--------+-----+--------+
         Total |  56895 |  50025 |   6870 |   1823 |  35622 |  51 | 1115.6 |
       Dungeon |  16924 |  14542 |   2382 |    607 |  11740 |  15 | 1128.3 |
        Temple |     12 |      2 |     10 |      0 |      0 |   1 |   12.0 |
          Lair |   6647 |   5868 |    779 |      0 |   4632 |   5 | 1329.4 |
        Shoals |   3547 |   2846 |    701 |     11 |   1416 |   4 |  886.8 |
   Spider Nest |   6321 |   6008 |    313 |    223 |   3782 |   4 | 1580.2 |
  Orcish Mines |   4933 |   3898 |   1035 |    152 |   3049 |   2 | 2466.5 |
   Elven Halls |   4638 |   4282 |    356 |    233 |   2964 |   3 | 1546.0 |
        Vaults |   9136 |   8845 |    291 |     88 |   6774 |   5 | 1827.2 |
        Depths |    979 |    834 |    145 |    133 |    297 |   4 |  244.8 |
           Zot |   2792 |   1937 |    855 |    351 |    535 |   5 |  558.4 |
         Abyss |    386 |    386 |      0 |     22 |      0 |   2 |  193.0 |
         Sewer |    574 |    574 |      0 |      0 |    431 |   1 |  574.0 |
               +--------+--------+--------+--------+--------+-----+--------+

Top non-repeatable levels by time:
   Orc:2: 3189 daAuts
   Elf:3: 2597 daAuts
    D:11: 2276 daAuts
Vaults:2: 2119 daAuts
Spider:3: 1944 daAuts
Vaults:1: 1869 daAuts
   Zot:5: 1859 daAuts
Vaults:4: 1777 daAuts
     D:8: 1747 daAuts
   Orc:1: 1744 daAuts
Vaults:3: 1687 daAuts
Vaults:5: 1683 daAuts
Spider:4: 1667 daAuts
  Lair:4: 1414 daAuts
  Lair:5: 1409 daAuts
